[Event "45th FIDE Olympiad 2024"]
[Site "Budapest"]
[Date "2024.09.12"]
[Round "2.215"]
[White "Grassi, Enrico"]
[Black "Morales, Carlos"]
[Result "0-1"]
[ECO "B10"]
[WhiteElo "1965"]
[BlackElo "2131"]
[Annotator "NA"]
[PlyCount "154"]
[EventDate "2024.09.05"]
[EventType "team-tourn"]
[EventCountry "HUN"]
[SourceTitle "playchess.com"]
[Source "ChessBase"]
[SourceQuality "1"]
[WhiteTeam "San Marino"]
[BlackTeam "El Salvador"]
[WhiteTeamCountry "SMR"]
[BlackTeamCountry "ESA"]
[TimeControl "40/5400+30:1800+30"]

1. e4 c6 2. d4 d5 3. exd5 cxd5 4. c4 Nf6 5. Nc3 g6 6. cxd5 Bg7 7. Nf3 O-O 8. Be2 Nxd5 9. O-O Nxc3 10. bxc3 Qc7 11. Bd2 Nd7 12. Rc1 b6 13. c4 e5 14. Bb4 Re8 15. dxe5 Nxe5 16. Bd6 Qd7 17. Nxe5 Bxe5 18. Bf3 Bb7 19. Bxe5 Qxd1 20. Rfxd1 Bxf3 21. Re1 Bg4 22. Bd6 Rxe1+ 23. Rxe1 Rc8 24. Re7 Rd8 25. h3 Rxd6 26. hxg4 a5 27. Rb7 Rc6 28. f3 Rxc4 29. Rxb6 Rc1+ 30. Kh2 Rc2 31. Ra6 Rxa2 32. g5 Kg7 33. Ra7 Ra1 34. Kg3 a4 35. Kh2 Kf8 36. Kg3 Ke8 37. Kg4 a3 38. Kg3 a2 39. Kf4 Kd8 40. g3 Kc8 41. Ra3 Kb7 42. Rb3+ Kc6 43. Rb2 Kc5 44. Re2 Kd4 45. Rb2 Kc3 46. Re2 Kb4 47. Re4+ Ka3 48. Re3+ Kb2 49. Re2+ Kc3 50. Ke4 Kc4 51. g4 Kc3 52. f4 Kc4 53. f5 Rg1 54. Rxa2 Rxg4+ 55. Kf3 Rxg5 56. fxg6 hxg6 57. Kf4 Rf5+ 58. Ke4 Rf1 59. Rc2+ Kb3 60. Rc6 Kb4 61. Rc2 Kb5 62. Rc3 Rf5 63. Rc8 Kb6 64. Rc1 Rf2 65. Ke3 Rg2 66. Kf3 Rg5 67. Kf4 Rc5 68. Ra1 Rf5+ 69. Ke4 Kc7 70. Rd1 Rf6 71. Ke5 Re6+ 72. Kf4 Rd6 73. Ra1 Kd7 74. Kg5 Rd5+ 75. Kf4 Ke6 76. Ra6+ Rd6 77. Ra4 Kf6 0-1

[Event "45th FIDE Olympiad 2024"]
[Site "Budapest"]
[Date "2024.09.12"]
[Round "2.216"]
[White "Guevara Ruiz, Marvin Andres"]
[Black "Piva, Michele"]
[Result "1-0"]
[ECO "B38"]
[WhiteElo "2003"]
[BlackElo "1721"]
[Annotator "NA"]
[PlyCount "79"]
[EventDate "2024.09.05"]
[EventType "team-tourn"]
[EventCountry "HUN"]
[SourceTitle "playchess.com"]
[Source "ChessBase"]
[SourceQuality "1"]
[WhiteTeam "El Salvador"]
[BlackTeam "San Marino"]
[WhiteTeamCountry "ESA"]
[BlackTeamCountry "SMR"]
[TimeControl "40/5400+30:1800+30"]

1. e4 c5 2. Nf3 Nc6 3. d4 cxd4 4. Nxd4 g6 5. c4 Bg7 6. Be3 d6 7. Nc3 Nf6 8. Be2 O-O 9. O-O Re8 10. Nc2 a6 11. h3 Rb8 12. Rb1 Be6 13. f4 Qc8 14. Qe1 Bd7 15. a4 e5 16. Qd2 Rd8 17. Bb6 Bxh3 18. Bxd8 Bxg2 19. Kxg2 Qxd8 20. f5 Qf8 21. fxg6 hxg6 22. Qg5 b5 23. cxb5 Nd4 24. Nxd4 exd4 25. Nd5 Nxe4 26. Ne7+ Kh7 27. Rh1+ Bh6 28. Qxh6+ Qxh6 29. Rxh6+ Kxh6 30. bxa6 Nc3 31. bxc3 Rxb1 32. a7 dxc3 33. Bd3 Rb2+ 34. Kf3 c2 35. Bxc2 Rxc2 36. a8=Q Rc5 37. a5 f5 38. a6 Rc3+ 39. Ke2 Rc5 40. Kd3 1-0

[Event "45th FIDE Olympiad 2024"]
[Site "Budapest"]
[Date "2024.09.12"]
[Round "2.217"]
[White "Tan, Jun Ying"]
[Black "Asante, Debesai Zerabruk"]
[Result "1-0"]
[ECO "A80"]
[WhiteElo "2322"]
[BlackElo "1908"]
[Annotator "TA"]
[PlyCount "80"]
[EventDate "2024.09.05"]
[EventType "team-tourn"]
[EventCountry "HUN"]
[SourceTitle "playchess.com"]
[Source "ChessBase"]
[SourceQuality "1"]
[WhiteTeam "Malaysia"]
[BlackTeam "Eritrea"]
[WhiteTeamCountry "MAS"]
[BlackTeamCountry "ERI"]
[TimeControl "40/5400+30:1800+30"]

1. d4 f5 2. Bg5 Nf6 3. Bxf6 exf6 4. e3 d5 5. c4 Bb4+ 6. Nc3 Bxc3+ {White now steadily converts the win.} 7. bxc3 O-O 8. Qb3 dxc4 {White is better.} 9. Bxc4+ Kh8 10. Ne2 Nd7 11. O-O {White is more active.} Nb6 12. Bd3 Qd6 13. a4 Be6 14. c4 g6 15. Nf4 ({White should try} 15. a5 $18 Nd7 16. Qxb7) 15... Bf7 (15... Rab8 $16 {keeps fighting.} 16. Qc3 Nc8) 16. a5 $18 Nd7 17. Qxb7 {[#] And now c5 would win.} Rfb8 18. Qf3 g5 $2 (18... c5 19. Rfd1 a6) 19. c5 Qf8 20. Bxf5 {White is clearly winning.} Nxc5 21. dxc5 gxf4 22. Be4 Bg6 23. Bxa8 Rxa8 24. Qxf4 Qe7 25. Rad1 Rg8 26. f3 Be8 27. Qd4 Bc6 28. e4 Qg7 29. Rf2 h5 30. Rfd2 Kh7 31. Re1 Re8 32. Qf2 Qg5 33. Qe3 Qg7 34. Kh1 Re5 35. Qd3 Qe7 36. Rc2 h4 37. Qa6 Qd7 38. h3 f5 39. Qc4 Qg7 40. Rce2 {[#] exf5 would now be deadly.} Qd7 {Weighted Error Value: White=0.13 (very precise) /Black=0.37.  Mistake:       	White=1     	Black=2      Inaccurate:     	---       	Black=2      OK:         	White=16    	Black=6      Best:        	---       	Black=1} 1-0

[Event "45th FIDE Olympiad 2024"]
[Site "Budapest"]
[Date "2024.09.12"]
[Round "2.218"]
[White "Kibrom, Weldegebriel Beraki"]
[Black "Ang, Ern Jie Anderson"]
[Result "0-1"]
[ECO "E65"]
[WhiteElo "1885"]
[BlackElo "2132"]
[Annotator "NA"]
[PlyCount "58"]
[EventDate "2024.09.05"]
[EventType "team-tourn"]
[EventCountry "HUN"]
[SourceTitle "playchess.com"]
[Source "ChessBase"]
[SourceQuality "1"]
[WhiteTeam "Eritrea"]
[BlackTeam "Malaysia"]
[WhiteTeamCountry "ERI"]
[BlackTeamCountry "MAS"]
[TimeControl "40/5400+30:1800+30"]

1. c4 c5 2. Nc3 Nc6 3. Nf3 g6 4. g3 Bg7 5. Bg2 d6 6. O-O Nf6 7. e3 O-O 8. d4 e5 9. dxe5 dxe5 10. Qe2 e4 11. Ng5 Bg4 12. Qc2 Nb4 13. Qb3 Qe7 14. Ngxe4 Nxe4 15. Nxe4 Be2 16. Re1 Bd3 17. Nc3 Bxc3 18. Qxc3 Nc2 19. Qxd3 Nxe1 20. Qe2 Nxg2 21. Kxg2 Rad8 22. Bd2 Qe4+ 23. Kg1 Qc2 24. Rd1 Rd3 25. Kf1 Rfd8 26. Ke1 Qxb2 27. h4 b5 28. h5 bxc4 29. hxg6 hxg6 0-1

[Event "45th FIDE Olympiad 2024"]
[Site "Budapest"]
[Date "2024.09.12"]
[Round "2.219"]
[White "Kavin, Mohan"]
[Black "Lilay, Weldu Gebru"]
[Result "0-1"]
[ECO "D26"]
[WhiteElo "1997"]
[BlackElo "1977"]
[Annotator "NA"]
[PlyCount "66"]
[EventDate "2024.09.05"]
[EventType "team-tourn"]
[EventCountry "HUN"]
[SourceTitle "playchess.com"]
[Source "ChessBase"]
[SourceQuality "1"]
[WhiteTeam "Malaysia"]
[BlackTeam "Eritrea"]
[WhiteTeamCountry "MAS"]
[BlackTeamCountry "ERI"]
[TimeControl "40/5400+30:1800+30"]

1. d4 d5 2. c4 dxc4 3. e3 Nf6 4. Bxc4 e6 5. Nf3 b6 6. Nc3 Be7 7. O-O O-O 8. e4 Bb7 9. Re1 h6 10. Qc2 Nc6 11. Rd1 Na5 12. Bd3 Qc8 13. Qe2 c5 14. Bf4 cxd4 15. Nxd4 Qc5 16. e5 Nd5 17. Nxd5 Qxd5 18. Qg4 Kh8 19. Nf3 Rfd8 20. Qh3 Qxd3 21. Rxd3 Rxd3 22. Qh5 Kg8 23. Qg4 Kh7 24. b4 Rad8 25. Ne1 R3d4 26. bxa5 g5 27. Qh5 Rxf4 28. axb6 Bc5 29. Kh1 Bxf2 30. bxa7 Bxa7 31. Nf3 g4 32. Ng5+ Kg7 33. Qh4 Rd2 0-1

[Event "45th FIDE Olympiad 2024"]
[Site "Budapest"]
[Date "2024.09.12"]
[Round "2.220"]
[White "Samuel, Merhawi Gebrehiwet"]
[Black "Azhar, Muhd Syakir Shazmeer"]
[Result "0-1"]
[ECO "E90"]
[WhiteElo "1788"]
[BlackElo "2086"]
[Annotator "NA"]
[PlyCount "84"]
[EventDate "2024.09.05"]
[EventType "team-tourn"]
[EventCountry "HUN"]
[SourceTitle "playchess.com"]
[Source "ChessBase"]
[SourceQuality "1"]
[WhiteTeam "Eritrea"]
[BlackTeam "Malaysia"]
[WhiteTeamCountry "ERI"]
[BlackTeamCountry "MAS"]
[TimeControl "40/5400+30:1800+30"]

1. d4 Nf6 2. c4 g6 3. Nc3 Bg7 4. e4 d6 5. Nf3 O-O 6. h3 e5 7. d5 Na6 8. g4 Nc5 9. Qc2 a5 10. Be3 b6 11. Be2 Bd7 12. O-O-O Qe7 13. Nd2 Ne8 14. Rdg1 c6 15. h4 Nc7 16. Nf1 cxd5 17. cxd5 b5 18. Bxc5 dxc5 19. Ne3 Qd6 20. a4 b4 21. Nc4 Qf6 22. Nd1 b3 23. Qd2 Rfb8 24. g5 Qf4 25. Nc3 Rb4 26. Ne3 Rd4 27. Qe1 Rxe4 28. Nxe4 Qxe4 29. Qc3 Qxa4 30. Bc4 Rb8 31. Qd3 Rb4 32. d6 e4 33. Qxe4 Ne6 34. Rg4 Bd4 35. Qd3 Qa1+ 36. Qb1 Qa4 37. Qd3 Rxc4+ 38. Nxc4 Bb5 39. Nb6 Bxb2+ 40. Kd2 Qxg4 41. Qxb5 Qd4+ 42. Qd3 Bc3+ 0-1

[Event "45th FIDE Olympiad 2024"]
[Site "Budapest"]
[Date "2024.09.12"]
[Round "2.221"]
[White "Muhammed, Shuaau"]
[Black "Eltigani, Omar"]
[Result "0-1"]
[ECO "B41"]
[WhiteElo "2052"]
[BlackElo "2241"]
[Annotator "ChessBase"]
[PlyCount "78"]
[EventDate "2024.09.05"]
[EventType "team-tourn"]
[EventCountry "HUN"]
[SourceTitle "playchess.com"]
[Source "ChessBase"]
[SourceQuality "1"]
[WhiteTeam "Maldives"]
[BlackTeam "Sudan"]
[WhiteTeamCountry "MDV"]
[BlackTeamCountry "SUD"]
[TimeControl "40/5400+30:1800+30"]

1. e4 c5 2. Nf3 e6 3. d4 cxd4 4. Nxd4 a6 5. c4 Nf6 6. Nc3 Qc7 7. a3 b6 8. Be3 Bb7 9. f3 Be7 10. Be2 d6 11. Qd2 Nbd7 12. Rc1 Rc8 13. b4 Qb8 14. Nb3 O-O 15. O-O Rfe8 16. Kh1 h5 17. Bf2 Ne5 18. Na4 Nfd7 19. Qe3 Bd8 20. c5 dxc5 21. bxc5 b5 22. Nb2 Ng6 23. Rfd1 Nf6 24. Bg3 Bc7 25. Bxc7 Qxc7 26. a4 bxa4 27. Nxa4 h4 28. Nb6 Rcd8 29. Kg1 Nf4 30. Bf1 Bxe4 31. Bxa6 Rxd1+ 32. Rxd1 Bc2 33. Rc1 N6d5 34. Nxd5 Nxd5 35. Qg5 Bxb3 36. Qxh4 Qe5 37. Qf2 Ra8 38. Qe2 Qg5 39. Rb1 Ba2 0-1

[Event "45th FIDE Olympiad 2024"]
[Site "Budapest"]
[Date "2024.09.12"]
[Round "2.222"]
[White "Ahmed, Hassan"]
[Black "Mohamed, Hassan"]
[Result "1-0"]
[ECO "E05"]
[WhiteElo "2234"]
[BlackElo "1880"]
[Annotator "ChessBase"]
[PlyCount "93"]
[EventDate "2024.09.05"]
[EventType "team-tourn"]
[EventCountry "HUN"]
[SourceTitle "playchess.com"]
[Source "ChessBase"]
[SourceQuality "1"]
[WhiteTeam "Sudan"]
[BlackTeam "Maldives"]
[WhiteTeamCountry "SUD"]
[BlackTeamCountry "MDV"]
[TimeControl "40/5400+30:1800+30"]

1. c4 Nf6 2. g3 e6 3. Bg2 d5 4. Nf3 Be7 5. O-O O-O 6. d4 dxc4 7. Ne5 a6 8. Nc3 Nbd7 9. Nxc4 c5 10. d5 exd5 11. Nxd5 Nxd5 12. Qxd5 Nf6 13. Qxd8 Bxd8 14. Be3 Be6 15. Nd6 Bd5 16. Bxc5 Bxg2 17. Kxg2 b6 18. Bd4 Ra7 19. e3 Rd7 20. Nc4 b5 21. Ne5 Rd5 22. Rfc1 Nd7 23. Nc6 f6 24. a4 a5 25. e4 Rh5 26. Be3 Ne5 27. axb5 Nxc6 28. bxc6 Bc7 29. Rc5 Rxc5 30. Bxc5 Rb8 31. Ba3 Rd8 32. Rc1 Rd3 33. Kf1 Rd4 34. Ke2 Rxe4+ 35. Kd3 f5 36. f3 Re5 37. Rc5 Rxc5 38. Bxc5 Kf7 39. Kc4 Ke6 40. b3 g5 41. Kb5 h5 42. Be3 h4 43. gxh4 gxh4 44. h3 Kd5 45. Bb6 Kd6 46. Bxc7+ Kxc7 47. f4 1-0

[Event "45th FIDE Olympiad 2024"]
[Site "Budapest"]
[Date "2024.09.12"]
[Round "2.223"]
[White "Hussain, Nimal"]
[Black "Nader, Obeid"]
[Result "0-1"]
[ECO "D10"]
[WhiteElo "1805"]
[BlackElo "2083"]
[Annotator "NA"]
[PlyCount "108"]
[EventDate "2024.09.05"]
[EventType "team-tourn"]
[EventCountry "HUN"]
[SourceTitle "playchess.com"]
[Source "ChessBase"]
[SourceQuality "1"]
[WhiteTeam "Maldives"]
[BlackTeam "Sudan"]
[WhiteTeamCountry "MDV"]
[BlackTeamCountry "SUD"]
[TimeControl "40/5400+30:1800+30"]

1. d4 d5 2. c4 c6 3. Bf4 e6 4. e3 Bd6 5. Bg3 f5 6. Nc3 Nf6 7. Nf3 O-O 8. Bd3 Ne4 9. Bxd6 Qxd6 10. Ne5 Nd7 11. f4 Nxe5 12. dxe5 Qc5 13. Qe2 Nxc3 14. bxc3 dxc4 15. Bxc4 b5 16. Bb3 a5 17. c4 a4 18. Bc2 bxc4 19. Kf2 Ba6 20. Bxa4 c3 21. Qc2 Bd3 22. Qb3 Bc4 23. Qc2 Bd5 24. Rhc1 Rfb8 25. Bb3 Ra3 26. Rab1 Bxb3 27. Rxb3 Rba8 28. Qxc3 Rxa2+ 29. Kg3 Qd5 30. Rc2 h6 31. Qc4 Rxc2 32. Qxc2 c5 33. Rd3 Qe4 34. Rc3 Qxc2 35. Rxc2 Ra5 36. Kh4 Kf7 37. h3 Rb5 38. Kh5 Ra5 39. g4 fxg4 40. hxg4 Rb5 41. Ra2 Rb7 42. e4 c4 43. f5 c3 44. Rc2 Rc7 45. f6 Rc5 46. fxg7 Kxg7 47. Kh4 Kg6 48. Kg3 Kg5 49. Kf3 Rc4 50. Ke3 Kxg4 51. Kd3 Rc8 52. Rg2+ Kf3 53. Rc2 Rd8+ 54. Kxc3 Rc8+ 0-1

[Event "45th FIDE Olympiad 2024"]
[Site "Budapest"]
[Date "2024.09.12"]
[Round "2.224"]
[White "Eltag, Siddig"]
[Black "Abdul Rahman, Ali"]
[Result "1-0"]
[ECO "D46"]
[WhiteElo "2138"]
[BlackElo "1844"]
[Annotator "NA"]
[PlyCount "141"]
[EventDate "2024.09.05"]
[EventType "team-tourn"]
[EventCountry "HUN"]
[SourceTitle "playchess.com"]
[Source "ChessBase"]
[SourceQuality "1"]
[WhiteTeam "Sudan"]
[BlackTeam "Maldives"]
[WhiteTeamCountry "SUD"]
[BlackTeamCountry "MDV"]
[TimeControl "40/5400+30:1800+30"]

1. d4 d5 2. c4 e6 3. e3 Nf6 4. Nc3 c6 5. Nf3 Bd6 6. Bd3 Nbd7 7. O-O O-O 8. e4 dxe4 9. Nxe4 Nxe4 10. Bxe4 f5 11. Bc2 Nf6 12. Re1 b6 13. Ng5 Re8 14. Qf3 Qc7 15. Qh3 h6 16. Nf3 Bb7 17. Bd2 a5 18. Bc3 Ng4 19. Re2 Qf7 20. Rae1 a4 21. b3 b5 22. c5 Bc7 23. b4 Rac8 24. a3 Ba8 25. Bb1 Nf6 26. Ne5 Bxe5 27. Rxe5 Nd5 28. Bd2 Rcd8 29. Qd3 Bb7 30. Qe2 Nc7 31. Bc3 Rd5 32. Re3 Rdd8 33. Ba2 Bc8 34. Re5 Bd7 35. Kh1 Nd5 36. Bd2 Kf8 37. Qf3 Qg6 38. h3 Kg8 39. R1e2 Kh8 40. Re1 Rf8 41. Qd3 Qf7 42. Qg3 Rde8 43. Qf3 Qg6 44. Kg1 Kg8 45. R5e2 Qf7 46. Bf4 Kh8 47. Bd6 Rg8 48. Kh2 Kh7 49. Qd3 g6 50. Qc2 Nf6 51. f3 Nd5 52. Bxd5 cxd5 53. c6 Rc8 54. cxd7 Rxc2 55. Rxc2 Rd8 56. Rc7 Kg8 57. Rec1 g5 58. Rb7 Rxd7 59. Rc8+ Kg7 60. Rxd7 Qxd7 61. Rc7 Qxc7 62. Bxc7 Kg6 63. Kg3 h5 64. h4 f4+ 65. Bxf4 gxf4+ 66. Kxf4 Kf6 67. g4 hxg4 68. fxg4 e5+ 69. dxe5+ Ke6 70. g5 Kf7 71. h5 1-0

[Event "45th FIDE Olympiad 2024"]
[Site "Budapest"]
[Date "2024.09.12"]
[Round "2.225"]
[White "Ahmad, Al Khatib"]
[Black "Khan, Taffin"]
[Result "1-0"]
[ECO "D08"]
[WhiteElo "2302"]
[BlackElo "2066"]
[Annotator "ChessBase"]
[PlyCount "65"]
[EventDate "2024.09.05"]
[EventType "team-tourn"]
[EventCountry "HUN"]
[SourceTitle "playchess.com"]
[Source "ChessBase"]
[SourceQuality "1"]
[WhiteTeam "Jordan"]
[BlackTeam "Guyana"]
[WhiteTeamCountry "JOR"]
[BlackTeamCountry "GUY"]
[TimeControl "40/5400+30:1800+30"]

1. d4 d5 2. c4 e5 3. dxe5 d4 4. Nf3 Nc6 5. a3 Nge7 6. Nbd2 Bg4 7. h3 Be6 8. g3 Ng6 9. Bg2 Be7 10. Nb3 Bxc4 11. Nbxd4 Bd5 12. O-O O-O 13. Nf5 Be4 14. Nxe7+ Qxe7 15. Qa4 Bf5 16. Bg5 Qe8 17. Rac1 Qc8 18. g4 Bd7 19. Qe4 Re8 20. Bf4 f5 21. gxf5 Bxf5 22. Qe3 Bxh3 23. Ng5 Nxf4 24. Qxf4 Be6 25. Rfd1 Nd8 26. Qe4 g6 27. Qh4 h5 28. Ne4 Rf8 29. Qe7 Rf7 30. Qe8+ Kg7 31. Nc5 Rf8 32. Qxf8+ Kxf8 33. Rxd8+ 1-0

[Event "45th FIDE Olympiad 2024"]
[Site "Budapest"]
[Date "2024.09.12"]
[Round "2.226"]
[White "Drayton, Anthony"]
[Black "Loay, Sameer"]
[Result "1/2-1/2"]
[ECO "A45"]
[WhiteElo "1964"]
[BlackElo "2194"]
[Annotator "NA"]
[PlyCount "87"]
[EventDate "2024.09.05"]
[EventType "team-tourn"]
[EventCountry "HUN"]
[SourceTitle "playchess.com"]
[Source "ChessBase"]
[SourceQuality "1"]
[WhiteTeam "Guyana"]
[BlackTeam "Jordan"]
[WhiteTeamCountry "GUY"]
[BlackTeamCountry "JOR"]
[TimeControl "40/5400+30:1800+30"]

1. d4 Nf6 2. Bf4 g6 3. Nc3 d5 4. e3 Bg7 5. Be2 O-O 6. h4 h5 7. Nf3 c5 8. Nb5 Nc6 9. Bc7 Qd7 10. Bf4 a6 11. Nc7 Ra7 12. Ne5 Qxc7 13. Nxg6 Qa5+ 14. c3 fxg6 15. Qc2 Bf5 16. Bd3 Bxd3 17. Qxd3 Kf7 18. g4 hxg4 19. Be5 Qb5 20. Qc2 Nxe5 21. dxe5 Ne4 22. O-O-O e6 23. h5 gxh5 24. f3 gxf3 25. Qh2 Ke7 26. Qh4+ Kd7 27. Qxe4 Kc8 28. Qg6 Qd7 29. Rxh5 Qf7 30. Qg4 b5 31. Rh7 Rh8 32. Rxh8+ Bxh8 33. Rf1 Bxe5 34. Rxf3 Qe7 35. Qg8+ Kd7 36. Rf7 Bd6 37. Rxe7+ Bxe7 38. Qb8 Rc7 39. Qb6 Rc6 40. Qb7+ Kd6 41. Qb8+ Kd7 42. Qb7+ Kd6 43. Qb8+ Kd7 44. Qb7+ 1/2-1/2

[Event "45th FIDE Olympiad 2024"]
[Site "Budapest"]
[Date "2024.09.12"]
[Round "2.227"]
[White "Saif, Malek"]
[Black "Nathoo, Loris"]
[Result "1-0"]
[ECO "B20"]
[WhiteElo "2162"]
[BlackElo "1788"]
[Annotator "ChessBase"]
[PlyCount "53"]
[EventDate "2024.09.05"]
[EventType "team-tourn"]
[EventCountry "HUN"]
[SourceTitle "playchess.com"]
[Source "ChessBase"]
[SourceQuality "1"]
[WhiteTeam "Jordan"]
[BlackTeam "Guyana"]
[WhiteTeamCountry "JOR"]
[BlackTeamCountry "GUY"]
[TimeControl "40/5400+30:1800+30"]

1. e4 c5 2. b3 g6 3. Bb2 Nf6 4. Nc3 d6 5. Bb5+ Bd7 6. Bxd7+ Nbxd7 7. Nge2 e5 8. O-O Bg7 9. f4 O-O 10. d3 Ng4 11. Qd2 Qh4 12. h3 Ndf6 13. Rf3 exf4 14. hxg4 Nxg4 15. Rh3 Qf2+ 16. Kh1 Ne3 17. Rg1 Ng4 18. Qd1 Bd4 19. Nxd4 cxd4 20. Qxg4 dxc3 21. Bxc3 f5 22. Qg5 fxe4 23. Qh6 Rf7 24. Qxg6+ Kf8 25. Qxd6+ Ke8 26. Rh5 Rd7 27. Qf6 1-0

[Event "45th FIDE Olympiad 2024"]
[Site "Budapest"]
[Date "2024.09.12"]
[Round "2.228"]
[White "Sandiford, Keron"]
[Black "Anas, Khwaira"]
[Result "0-1"]
[ECO "B14"]
[WhiteElo "1755"]
[BlackElo "1994"]
[Annotator "NA"]
[PlyCount "52"]
[EventDate "2024.09.05"]
[EventType "team-tourn"]
[EventCountry "HUN"]
[SourceTitle "playchess.com"]
[Source "ChessBase"]
[SourceQuality "1"]
[WhiteTeam "Guyana"]
[BlackTeam "Jordan"]
[WhiteTeamCountry "GUY"]
[BlackTeamCountry "JOR"]
[TimeControl "40/5400+30:1800+30"]

1. e4 c6 2. d4 d5 3. exd5 cxd5 4. c4 Nf6 5. Nc3 e6 6. Nf3 Bb4 7. a3 Bxc3+ 8. bxc3 Nbd7 9. cxd5 exd5 10. Bd3 O-O 11. O-O Re8 12. c4 dxc4 13. Bxc4 Nb6 14. Bb5 Bd7 15. Bxd7 Qxd7 16. Qd3 h6 17. Bf4 Rac8 18. Rfc1 Nbd5 19. Be5 Nh5 20. Rxc8 Rxc8 21. a4 Nhf4 22. Bxf4 Nxf4 23. Qe4 Qg4 24. Nd2 Rc2 25. Qe8+ Kh7 26. Qe4+ f5 0-1

[Event "45th FIDE Olympiad 2024"]
[Site "Budapest"]
[Date "2024.09.12"]
[Round "2.229"]
[White "Mahamat, Hachim Bachar"]
[Black "Al-Ali, Hussein Ali Hussein"]
[Result "0-1"]
[ECO "C04"]
[WhiteElo "1872"]
[BlackElo "2122"]
[Annotator "NA RC"]
[PlyCount "84"]
[EventDate "2024.09.05"]
[EventType "team-tourn"]
[EventCountry "HUN"]
[SourceTitle "playchess.com"]
[Source "ChessBase"]
[SourceQuality "1"]
[WhiteTeam "Chad"]
[BlackTeam "Iraq"]
[WhiteTeamCountry "CHD"]
[BlackTeamCountry "IRQ"]
[TimeControl "40/5400+30:1800+30"]

1. e4 e6 2. d4 d5 3. Nd2 Nc6 4. Ngf3 Nf6 5. e5 Nd7 6. Bb5 a6 7. Bxc6 bxc6 8. O-O c5 9. c3 cxd4 10. cxd4 c5 11. Nb3 c4 12. Nbd2 Be7 13. Re1 O-O 14. Nf1 Qb6 15. Qc2 f6 16. Bf4 fxe5 17. Bxe5 Nxe5 18. Rxe5 Bf6 19. Rh5 g6 20. Rh6 Ra7 21. Rd1 Rb7 22. Rd2 Bg7 23. Rh4 Qd8 24. Rg4 e5 25. Rg3 Bf5 26. Qd1 Bh6 27. Nxe5 Bxd2 28. Qxd2 Qb6 29. b3 Qb4 30. bxc4 dxc4 31. Rc3 Rc8 32. h3 Qb2 33. Qe3 Re7 34. Nd2 Bd3 35. Nxd3 Rxe3 36. Nxb2 Rxc3 37. Ne4 Rc2 38. Na4 Rxa2 39. Nac3 Rc2 40. d5 Rd8 41. d6 Rxd6 42. Nxd6 Rxc3 0-1

[Event "45th FIDE Olympiad 2024"]
[Site "Budapest"]
[Date "2024.09.12"]
[Round "2.230"]
[White "Mohammed, Zozek Salah Mohammed"]
[Black "Abdelaziz Bokhit, Badjoiri"]
[Result "1-0"]
[ECO "D11"]
[WhiteElo "2180"]
[BlackElo "1778"]
[Annotator "ChessBase"]
[PlyCount "137"]
[EventDate "2024.09.05"]
[EventType "team-tourn"]
[EventCountry "HUN"]
[SourceTitle "playchess.com"]
[Source "ChessBase"]
[SourceQuality "1"]
[WhiteTeam "Iraq"]
[BlackTeam "Chad"]
[WhiteTeamCountry "IRQ"]
[BlackTeamCountry "CHD"]
[TimeControl "40/5400+30:1800+30"]

1. d4 d5 2. Nf3 Bf5 3. g3 Nf6 4. Bg2 e6 5. O-O Bd6 6. c4 h6 7. Qb3 Qc8 8. Nc3 c6 9. Nd2 O-O 10. e4 dxe4 11. Ndxe4 Nxe4 12. Nxe4 Be7 13. Bf4 Nd7 14. Nd6 Bxd6 15. Bxd6 Re8 16. Rac1 Nf6 17. Bf4 Qd7 18. Rfd1 Rad8 19. h3 Be4 20. f3 Bg6 21. g4 Qe7 22. Qe3 Qb4 23. b3 Rd7 24. Be5 Red8 25. Rd2 Qa5 26. Rcd1 Kh7 27. h4 h5 28. Qg5 b6 29. Bxf6 gxf6 30. Qxf6 Rg8 31. g5 Rgd8 32. Bf1 Qf5 33. Qxf5 Bxf5 34. Kf2 Kg6 35. Ke3 f6 36. f4 fxg5 37. fxg5 Bg4 38. Bd3+ Bf5 39. Be4 Bxe4 40. Kxe4 c5 41. Rd3 Rf7 42. dxc5 Rxd3 43. Rxd3 bxc5 44. Rd6 Rf2 45. Rxe6+ Kg7 46. Ra6 Rh2 47. Rxa7+ Kg6 48. Ra6+ Kg7 49. Rc6 Rxh4+ 50. Kf5 Rh1 51. Rc7+ Kg8 52. Rxc5 h4 53. Kg4 h3 54. Kg3 h2 55. Kg2 Ra1 56. Kxh2 Rxa2+ 57. Kg3 Rc2 58. Rb5 Re2 59. Rb7 Re4 60. c5 Re5 61. c6 Rxg5+ 62. Kf4 Rg6 63. c7 Rf6+ 64. Kg5 Rc6 65. Rb8+ Kg7 66. c8=Q Rg6+ 67. Kf5 Rf6+ 68. Ke5 Rg6 69. Qh8+ 1-0

[Event "45th FIDE Olympiad 2024"]
[Site "Budapest"]
[Date "2024.09.12"]
[Round "2.231"]
[White "Adam, Jamal"]
[Black "Salih, Akar Ali Salih"]
[Result "0-1"]
[ECO "A31"]
[WhiteElo "2013"]
[BlackElo "2174"]
[Annotator "ChessBase"]
[PlyCount "76"]
[EventDate "2024.09.05"]
[EventType "team-tourn"]
[EventCountry "HUN"]
[SourceTitle "playchess.com"]
[Source "ChessBase"]
[SourceQuality "1"]
[WhiteTeam "Chad"]
[BlackTeam "Iraq"]
[WhiteTeamCountry "CHD"]
[BlackTeamCountry "IRQ"]
[TimeControl "40/5400+30:1800+30"]

1. d4 Nf6 2. c4 c5 3. Nf3 cxd4 4. Nxd4 e5 5. Nb5 d5 6. cxd5 Bc5 7. e3 O-O 8. Be2 a6 9. N5c3 e4 10. O-O Bf5 11. Nd2 Re8 12. Qb3 Qc7 13. Rd1 Nbd7 14. Nf1 Bd6 15. Qc4 Nc5 16. a4 Qe7 17. b4 Nd3 18. Bxd3 Rac8 19. Qb3 exd3 20. Ba3 Qc7 21. Rac1 Qc4 22. Qxc4 Rxc4 23. f3 Rec8 24. Nb1 Rc2 25. e4 Bd7 26. Nbd2 a5 27. Ra1 axb4 28. Bc1 Be5 29. Rb1 Bc3 30. Nb3 Bxa4 31. Be3 Nd7 32. Rxd3 Ne5 33. Rdd1 Nc4 34. Bc1 Na3 35. Bxa3 bxa3 36. Na1 Rb2 37. Rdc1 Rxb1 38. Rxb1 a2 0-1

[Event "45th FIDE Olympiad 2024"]
[Site "Budapest"]
[Date "2024.09.12"]
[Round "2.232"]
[White "Alothman, Ali Layth Ahmed"]
[Black "Hassaballa, Ahmed Hassaballa"]
[Result "1-0"]
[ECO "E61"]
[WhiteElo "2161"]
[BlackElo "1902"]
[Annotator "ChessBase"]
[PlyCount "105"]
[EventDate "2024.09.05"]
[EventType "team-tourn"]
[EventCountry "HUN"]
[SourceTitle "playchess.com"]
[Source "ChessBase"]
[SourceQuality "1"]
[WhiteTeam "Iraq"]
[BlackTeam "Chad"]
[WhiteTeamCountry "IRQ"]
[BlackTeamCountry "CHD"]
[TimeControl "40/5400+30:1800+30"]

1. Nf3 g6 2. c4 Bg7 3. d4 Nf6 4. Nc3 d6 5. Bg5 c6 6. e3 Qc7 7. Be2 h6 8. Bh4 Bf5 9. h3 g5 10. Bg3 Ne4 11. Nxe4 Bxe4 12. O-O Nd7 13. Rc1 c5 14. Nd2 Bg6 15. Nb1 Bxb1 16. Rxb1 e5 17. dxc5 dxc5 18. Bg4 Nb6 19. Qc2 O-O 20. b3 Qe7 21. Rbd1 Rfd8 22. Qe4 Kf8 23. Bf3 Rxd1 24. Rxd1 Rb8 25. Qf5 Qf6 26. Qg4 Qe7 27. Be4 Ke8 28. h4 Rd8 29. hxg5 hxg5 30. a4 Rxd1+ 31. Qxd1 Nc8 32. Qd5 Qd6 33. f3 Qxd5 34. Bxd5 b6 35. a5 Ne7 36. e4 f5 37. Bf2 Kd7 38. Ba8 f4 39. Kh2 Bf6 40. Kh3 Nc8 41. Kg4 Nd6 42. Kh5 Bd8 43. Kg6 Ke6 44. Bc6 Be7 45. Bd5+ Kd7 46. Be1 Ne8 47. Bc3 Kd6 48. Bf7 Nf6 49. Kf5 Nd7 50. Be8 Bd8 51. Bxd7 Kxd7 52. axb6 axb6 53. Bxe5 1-0